[Event "*** SCC Grand Prix: Titled Tuesday Blitz"]
[Site "Chess.com"]
[Date "2020.10.06"]
[Round "8"]
[White "Inga83"]
[Black "Obito24"]
[Result "0-1"]
[WhiteElo "2424"]
[BlackElo "2563"]
[TimeControl "180+1"]
[EndTime "11:35:24 PDT"]
[Termination "Obito24 won on time"]

1. d4 Nf6 2. c4 e6 3. Nf3 Bb4+ 4. Bd2 Be7 5. Qc2 O-O 6. e3 d5 7. Bd3 b6 8. cxd5 exd5 9. O-O Bb7 10. Nc3 Nbd7 11.
e4 dxe4 12. Nxe4 c5 13. Nxf6+ Nxf6 14. dxc5 Bxc5 15. Bc3 g6 16. Rad1 Bxf3 17. gxf3 Nh5 18. Kh1 Qh4 19. Be5 Rad8 20. Bg3 Qh3 21. Bc4 Rfe8 22.
Qb3 Qf5 23. Bd5 Kg7 24. Be4 Qh3 25. Qc3+ Kg8 26. b4 Bd4 27. Qc4 Nxg3+ 0-1

[Event "*** SCC Grand Prix: Titled Tuesday Blitz"]
[Site "Chess.com"]
[Date "2020.10.06"]
[Round "8"]
[White "PhileKhoob"]
[Black "Savagelittlemole"]
[Result "0-1"]
[WhiteElo "2474"]
[BlackElo "2597"]
[TimeControl "180+1"]
[EndTime "11:35:25 PDT"]
[Termination "Savagelittlemole won by resignation"]

1. Nf3 Nf6 2. b3 d6 3. Bb2 e5 4.
d3 Be7 5. c4 O-O 6. e3 Nc6 7.
Be2 Be6 8. O-O Qd7 9. Nc3 a6 10. d4 e4 11. Nd2 d5 12. cxd5 Bxd5 13. Nxd5 Qxd5 14. Rc1 Rac8 15. a3 Rfd8 16. Qc2 Bd6 17. h3 h5 18. Bc4 Qf5 19. f3 Qg5 20. f4 Qg6 21. Bxa6 bxa6 22. Qxc6 Qg3 23. Rfe1 Rb8 24. b4 Rb5 25. Nxe4 Nxe4 26. Qxe4 a5 27. Qf3 Qh4 28. Qf2 Qf6 29. bxa5 Rxa5 30. Rc3 Rb8 31. Rec1 Rab5 32.
R1c2 Qg6 33. f5 Rxf5 34. Qe2 Qg3 35. Qf2 Rxf2 36. Rxf2 Qh2+ 0-1

[Event "*** SCC Grand Prix: Titled Tuesday Blitz"]
[Site "Chess.com"]
[Date "2020.10.06"]
[Round "8"]
[White "GMJustin"]
[Black "brunomorado"]
[Result "0-1"]
[WhiteElo "2271"]
[BlackElo "2444"]
[TimeControl "180+1"]
[EndTime "11:35:26 PDT"]
[Termination "brunomorado won on time"]

1. d4 d5 2. c4 c6 3. Nc3 Nf6 4. Nf3 e6 5. e3 Nbd7 6. Nd2 Bd6 7. g3 O-O 8. Bg2 b6 9. O-O Ba6 10. b3 Rc8 11. Re1 Bb4 12. Bb2 c5 13. a3 Bxc3 14. Bxc3 cxd4 15. Bxd4 dxc4 16. Nxc4 Bxc4 17.
bxc4 Rxc4 18. a4 e5 19. Bb2 Qc7 20. Qb3 Rc8 21. Red1 Rc5 22. Bh3 Re8 23. a5 e4 24.
axb6 axb6 25. Bd4 Rh5 26. Bg2 b5 27. Ra6 Nc5 28. Bxc5 Qxc5 29. Rxf6 gxf6 30. Rd4 Qc1+ 0-1

[Event "*** SCC Grand Prix: Titled Tuesday Blitz"]
[Site "Chess.com"]
[Date "2020.10.06"]
[Round "8"]
[White "Itk04"]
[Black "vinniethepooh"]
[Result "1-0"]
[WhiteElo "2478"]
[BlackElo "2559"]
[TimeControl "180+1"]
[EndTime "11:35:27 PDT"]
[Termination "Itk04 won on time"]

1. d4 Nf6 2. c4 e6 3. Nc3 Bb4 4. Nf3 d5 5. Bd2 O-O 6. e3 c5 7. cxd5 exd5 8. dxc5 Nc6 9. Be2 Ne4 10. O-O Be6 11. Nd4 Nxc3 12. Bxc3 Bxc5 13. Nxc6 bxc6 14. Rc1 Bb6 15. Bd4 Qd6 16. Qc2 Rab8 17. b3 Rfc8 18. Bc5 Qd7 19. Rfd1 h6 20. Rd4 Bd8 21. Ra4 a5 22.
Ba6 Rc7 23. Rxa5 Ra8 24. Ra4 Bf5 25. Bd3 Bxd3 26. Qxd3 Rxa4 27. bxa4 Be7 28. Bb6 Rc8 29.
a5 c5 30. e4 d4 31. g3 1-0

[Event "*** SCC Grand Prix: Titled Tuesday Blitz"]
[Site "Chess.com"]
[Date "2020.10.06"]
[Round "8"]
[White "Miss_JJ20"]
[Black "ARTHURMOTIVATOR"]
[Result "1-0"]
[WhiteElo "2473"]
[BlackElo "2333"]
[TimeControl "180+1"]
[EndTime "11:35:27 PDT"]
[Termination "Miss_JJ20 won on time"]

1. d4 Nf6 2. Nc3 d5 3. Bf4 c6 4.
e3 b5 5. a3 Bf5 6. Nf3 e6 7. Ne5 Nfd7 8. g4 Bg6 9. h4 Nxe5 10.
dxe5 h5 11. Bd3 Bxd3 12. cxd3 g6 13. d4 Be7 14. Bg3 Nd7 15. Qf3 Qb6 16. g5 c5 17.
dxc5 Nxc5 18. O-O O-O 19. b4 Na4 20. Ne2 a5 21. Rab1 axb4 22. axb4 Rac8 23. Rb3 Rc4 24. Nf4 Kg7 25. Rfb1 Nc3 26. R1b2 Ne4 27. Kg2 Qc7 28. Nd3 Rc2 29. Qd1 1-0

[Event "*** SCC Grand Prix: Titled Tuesday Blitz"]
[Site "Chess.com"]
[Date "2020.10.06"]
[Round "8"]
[White "Mikhail_Golubev"]
[Black "Mbneu"]
[Result "1-0"]
[WhiteElo "2526"]
[BlackElo "2342"]
[TimeControl "180+1"]
[EndTime "11:35:29 PDT"]
[Termination "Mikhail_Golubev won by resignation"]

1. e4 c5 2. Nf3 Nf6 3. e5 Nd5 4. Nc3 Nxc3 5. bxc3 d5 6. exd6 Qxd6 7. d4 g6 8. Bc4 Bg7 9. O-O O-O 10. Ba3 Nd7 11.
Qe2 a6 12. Rad1 b5 13. dxc5 Qc7 14. Bd5 Ra7 15. Qxe7 Bf6 16. Qe3 Ne5 17. c6 Re8 18. Bd6 Qxd6 19. Qxa7 Be6 20. Nxe5 Bxe5 21. Bxe6 Qxe6 22.
Qd7 Bxc3 23. Qxe6 fxe6 24. c7 Bf6 25. Rfe1 Kf7 26. Rd7+ Be7 27. Re3 Rc8 28. Kf1 Ke8 29. Rd2 Rxc7 30. Rxe6 Kf7 31. Rxa6 Bg5 32. Rd5 Bf6 33. Rxb5 Rxc2 34. Rb7+ Be7 35. Raa7 Rc1+ 36. Ke2 Rc2+ 37. Kd1 1-0

[Event "*** SCC Grand Prix: Titled Tuesday Blitz"]
[Site "Chess.com"]
[Date "2020.10.06"]
[Round "8"]
[White "Arfan48"]
[Black "dopolian"]
[Result "1-0"]
[WhiteElo "2303"]
[BlackElo "2425"]
[TimeControl "180+1"]
[EndTime "11:35:30 PDT"]
[Termination "Arfan48 won by resignation"]

1. Nf3 Nf6 2. c4 e6 3. g3 d5 4. Bg2 d4 5. b4 c5 6. bxc5 Nc6 7. O-O e5 8. d3 Be7 9. Nbd2 O-O 10. Nb3 Bf5 11.
Rb1 Nd7 12. Ba3 a5 13. Qc1 Qc7 14. e4 dxe3 15. Qxe3 Nb4 16. Bxb4 axb4 17. Rb2 f6 18. d4 Rfe8 19. dxe5 fxe5 20. Ng5 Bxg5 21. Qxg5 Bd3 22. Bd5+ Kh8 23. Rd1 e4 24. Qe3 Rac8 25. Nc1 Ne5 26. Rxb4 Nf3+ 27. Kg2 Qxc5 28. Qxc5 Rxc5 29. Nxd3 Rc7 30.
Nf4 Ne5 31. Rxb7 Rxb7 32. Bxb7 Rb8 33. Bxe4 g6 34. Bd5 Nd7 35. Nd3 Nf6 36. a4 Ra8 37. Bxa8 1-0

[Event "*** SCC Grand Prix: Titled Tuesday Blitz"]
[Site "Chess.com"]
[Date "2020.10.06"]
[Round "8"]
[White "PowerThinking2650"]
[Black "Margency"]
[Result "0-1"]
[WhiteElo "2401"]
[BlackElo "2661"]
[TimeControl "180+1"]
[EndTime "11:35:31 PDT"]
[Termination "Margency won on time"]

1. e4 c5 2. Nf3 d6 3. d4 cxd4 4. Nxd4 Nf6 5. Nc3 a6 6. Bc4 e6 7. O-O b5 8. Bb3 Qb6 9. Be3 Qb7 10. Qf3 Be7 11. Rfe1 O-O 12. a3 Nbd7 13. Qg3 Re8 14.
Bh6 Bf8 15. Rad1 Nc5 16. f3 b4 17. axb4 Qxb4 18. Bg5 Nfd7 19. Nce2 Bb7 20. Nf4 g6 21. Nh5 a5 22. Nf6+ Nxf6 23. Bxf6 a4 24. Ba2 Qxb2 25.
Ra1 Qc3 26. Qh4 Bg7 27. Bxg7 Kxg7 28. Rad1 Rac8 29. f4 Nxe4 30. Rd3 Qb2 31. f5 exf5 32. Nxf5+ gxf5 33. Rxe4 Bxe4 34. Rg3+ Kh8 35. Qg5 Rg8 0-1

[Event "*** SCC Grand Prix: Titled Tuesday Blitz"]
[Site "Chess.com"]
[Date "2020.10.06"]
[Round "8"]
[White "zajka-molotok"]
[Black "chessmachine14"]
[Result "1-0"]
[WhiteElo "2472"]
[BlackElo "2285"]
[TimeControl "180+1"]
[EndTime "11:35:31 PDT"]
[Termination "zajka-molotok won by checkmate"]

1. c4 Nf6 2. Nc3 g6 3. e4 d6 4. f4 Bg7 5. Nf3 c5 6. g3 O-O 7. Bg2 Nc6 8. O-O Nd7 9. d3 Nd4 10. Be3 Nb8 11. Nh4 Nbc6 12. f5 e6 13. fxg6 hxg6 14.
Qd2 Ne5 15. Bg5 f6 16. Be3 Ng4 17. Nxg6 Nxe3 18. Qxe3 Rf7 19. Qd2 f5 20. exf5 Nxf5 21. Rae1 Bd4+ 22. Kh1 Qf6 23. Nf4 Rh7 24. Nh3 Qg6 25.
Ne4 e5 26. Neg5 Rh5 27. Bd5+ Kg7 28. Bf7 Nxg3+ 29. hxg3 Bxh3 30. Bxg6 Kxg6 31. Nxh3 Rxh3+ 32. Kg2 Rah8 33. Rh1 Rxh1 34. Rxh1 Rxh1 35. Kxh1 Kf5 36. Kg2 b6 37. Qe2 a5 38. b3 Ke6 39. Qe4 Kd7 40.
Qd5 Kc7 41. Kf3 Kd7 42. Ke4 Ke7 43. Kf5 Bc3 44. g4 Kf8 45. g5 Kg7 46. g6 Kh6 47.
Qh1+ Kg7 48. Qh7+ Kf8 49. Qf7# 1-0

[Event "*** SCC Grand Prix: Titled Tuesday Blitz"]
[Site "Chess.com"]
[Date "2020.10.06"]
[Round "8"]
[White "diablanni"]
[Black "CrazyMartian"]
[Result "0-1"]
[WhiteElo "2356"]
[BlackElo "2283"]
[TimeControl "180+1"]
[EndTime "11:35:31 PDT"]
[Termination "CrazyMartian won on time"]

1. e4 c5 2. Nf3 d5 3. exd5 Nf6 4.
Bb5+ Bd7 5. Be2 Nxd5 6. d4 e6 7.
O-O Nc6 8. c4 Nf6 9. d5 exd5 10.
cxd5 Nb4 11. Bc4 Bd6 12. Re1+ Kf8 13. a3 Na6 14. Nc3 h6 15. Nd2 Qc7 16. h3 Re8 17. Rxe8+ Kxe8 18. Qf1 Nb8 19. Nb5 Bxb5 20. Bxb5+ Kd8 21.
Bc4 Re8 22. Ba2 Nbd7 23. Nc4 Nb6 24. Nxb6 Qxb6 25. Rb1 Kc7 26. Be3 Qa5 27. Qc4 Re4 28. Qc2 Kb8 29. Rc1 Re8 30. Bc4 Ne4 31. Bd3 Nf6 32.
Bc4 Qd8 33. Rb1 Qe7 34. b4 cxb4 0-1

[Event "*** SCC Grand Prix: Titled Tuesday Blitz"]
[Site "Chess.com"]
[Date "2020.10.06"]
[Round "8"]
[White "pavelalexandru07"]
[Black "Kaslask"]
[Result "1-0"]
[WhiteElo "2242"]
[BlackElo "2307"]
[TimeControl "180+1"]
[EndTime "11:35:31 PDT"]
[Termination "pavelalexandru07 won by resignation"]

1. c4 e5 2. Nc3 Nf6 3. g3 Nc6 4. Bg2 Bc5 5. d3 h6 6. a3 a6 7.
b4 Ba7 8. Nf3 d6 9. O-O O-O 10.
Bb2 Be6 11. Qd2 Nd4 12. Nxd4 exd4 13. Nd5 c6 14. Nf4 Bg4 15. h3 Bf5 16. g4 Bh7 17.
Bf3 Nd7 18. Rab1 Ne5 19. Bg2 Qg5 20. Rbd1 f5 21. Ne6 Qxd2 22. Rxd2 Rf6 23. gxf5 Bxf5 24. Nxd4 Bd7 25. f4 Raf8 26. fxe5 dxe5 27. Rxf6 Rxf6 28. e3 exd4 29. Bxd4 Bxd4 30. exd4 Rg6 31. Kh2 a5 32.
bxa5 Rg5 33. d5 Kf7 34. Rb2 cxd5 35. Bxd5+ Ke8 36. Rxb7 Bc8 37. Rb8 Kd7 38. Rb6 Kc7 39. Rc6+ Kd7 40. a6 Re5 41. Rxc8 Re2+ 42. Kg3 Re3+ 43.
Kf4 Rxd3 44. a7 Rxa3 45. a8=Q Rxa8 46. Rxa8 1-0

[Event "*** SCC Grand Prix: Titled Tuesday Blitz"]
[Site "Chess.com"]
[Date "2020.10.06"]
[Round "8"]
[White "TimofeevAr"]
[Black "ORS1984"]
[Result "0-1"]
[WhiteElo "2815"]
[BlackElo "2533"]
[TimeControl "180+1"]
[EndTime "11:35:32 PDT"]
[Termination "ORS1984 won by resignation"]

1. d4 d5 2. c4 c6 3. Nf3 Nf6 4. Nc3 e6 5. e3 Nbd7 6. Be2 dxc4 7.
a4 a5 8. Bxc4 Bd6 9. O-O O-O 10.
Qc2 e5 11. Rd1 Qe7 12. Bb3 Re8 13. Ng5 Rf8 14. h3 h6 15. Nf3 exd4 16. exd4 Nb6 17. Re1 Qd8 18. Ne5 Nbd5 19. Bxd5 Nxd5 20. Nxd5 cxd5 21.
Bf4 Bb4 22. Re3 Be6 23. Qd3 Qf6 24. Bg3 Qf5 25. Qe2 Rac8 26. Nd3 Rc4 27. Be5 Rfc8 28. Nxb4 axb4 29. Re1 Rc2 30. Qf3 Qxf3 31. Rxf3 Rxb2 32.
Rg3 g5 33. h4 g4 34. h5 Rc3 35. f3 b3 36. fxg4 Rxg3 37. Bxg3 Ra2 38. Kh2 b2 39. Rb1 Bxg4 40. Be5 Bf5 0-1

[Event "*** SCC Grand Prix: Titled Tuesday Blitz"]
[Site "Chess.com"]
[Date "2020.10.06"]
[Round "8"]
[White "flexova"]
[Black "gumimis"]
[Result "1-0"]
[WhiteElo "2360"]
[BlackElo "2243"]
[TimeControl "180+1"]
[EndTime "11:35:32 PDT"]
[Termination "flexova won by resignation"]

1. e4 c5 2. Nf3 d6 3. Bb5+ Nd7 4. Ba4 g6 5. O-O Bg7 6. c4 e5 7. Nc3 Ne7 8. Re1 O-O 9. Rb1 Nb8 10. b4 Nbc6 11.
a3 Be6 12. Nd5 h6 13. d3 f5 14. bxc5 dxc5 15. Rxb7 fxe4 16. dxe4 Bxd5 17. exd5 Na5 18. Rd7 Qe8 19. Nxe5 Bxe5 20. Rxe5 Qf7 21. f3 Rae8 22. Bxh6 Nxc4 23. Re6 Nb6 24. Bxf8 Nxd7 25. Bh6 Nf5 26. Bg5 Rb8 27. h4 Nf8 28. Rf6 Qb7 29. d6 Qb1 30. Qxb1 Rxb1+ 31. Kh2 Rb7 32. Rxf8+ Kxf8 33. d7 Rxd7 34. Bxd7 c4 35. Bxf5 gxf5 36. Bd2 Ke7 37. Kg3 Ke6 38. Kf4 1-0

[Event "*** SCC Grand Prix: Titled Tuesday Blitz"]
[Site "Chess.com"]
[Date "2020.10.06"]
[Round "8"]
[White "Denis_Makhnyov"]
[Black "LedakovAlexandr"]
[Result "0-1"]
[WhiteElo "2846"]
[BlackElo "2476"]
[TimeControl "180+1"]
[EndTime "11:35:33 PDT"]
[Termination "LedakovAlexandr won on time"]

1. c4 Nc6 2. Nc3 d6 3. d4 g6 4.
e4 Bg7 5. d5 Nb8 6. Be3 e5 7.
Be2 Ne7 8. g4 h6 9. h4 Nd7 10.
Nf3 Nf6 11. Nd2 c5 12. f3 Bd7 13. Qc2 a6 14. a3 O-O 15. b4 b6 16. Nd1 Rc8 17. Nf2 Ne8 18. g5 h5 19. Rg1 b5 20.
bxc5 dxc5 21. Nb3 Nd6 22. Nxc5 bxc4 23. Kf1 f5 24. gxf6 Bxf6 25. Rb1 Bxh4 26. Nxd7 Qxd7 27. Rb6 Kh7 28. Rxa6 Nb5 29. Qc1 Nd4 30. Qd1 c3 31. Bxd4 c2 32. Qc1 exd4 33. Bd3 Rxf3 34. Rg2 Rcf8 0-1

[Event "*** SCC Grand Prix: Titled Tuesday Blitz"]
[Site "Chess.com"]
[Date "2020.10.06"]
[Round "8"]
[White "SergeyShtyka"]
[Black "canary2016"]
[Result "1-0"]
[WhiteElo "2249"]
[BlackElo "1900"]
[TimeControl "180+1"]
[EndTime "11:35:33 PDT"]
[Termination "SergeyShtyka won by checkmate"]

1. e4 c6 2. Nf3 d5 3. Nc3 Bg4 4. h3 Bxf3 5. Qxf3 e6 6. d3 Nd7 7. a3 Ngf6 8. g3 Bd6 9. Bg2 O-O 10. O-O Rc8 11. Qe2 d4 12. Nb1 c5 13. b3 b5 14. a4 a6 15. f4 Be7 16. g4 Nb6 17. g5 Nfd7 18. axb5 axb5 19. Na3 b4 20. Nc4 Nxc4 21. bxc4 Qb6 22. f5 Ra8 23. Bf4 e5 24.
Bd2 Bd6 25. Rfb1 Rfb8 26. h4 Qc7 27. Kh2 Nb6 28. h5 Na4 29. Qg4 Nc3 30. Rf1 Qb7 31. g6 Ra2 32. Bxc3 Rxc2 33. gxh7+ Kxh7 34. f6 Rg8 35. Be1 gxf6 36. Qf5+ Kh8 37. Qxf6+ Kh7 38. Rf2 Rxf2 39. Bxf2 Qe7 40. Qxe7 Bxe7 41. Ra7 Re8 42. Bh3 Kh6 43. Bg4 f6 44. Be1 Bd6 45. Bd2# 1-0

[Event "*** SCC Grand Prix: Titled Tuesday Blitz"]
[Site "Chess.com"]
[Date "2020.10.06"]
[Round "8"]
[White "ftorodent"]
[Black "Supernotar"]
[Result "0-1"]
[WhiteElo "2675"]
[BlackElo "2806"]
[TimeControl "180+1"]
[EndTime "11:35:34 PDT"]
[Termination "Supernotar won by resignation"]

1. d4 d5 2. c4 dxc4 3. Nf3 Nf6 4. e3 e6 5. Bxc4 a6 6. O-O b5 7. Be2 Bb7 8. a4 b4 9. Nbd2 Nbd7 10. b3 c5 11. Bb2 Be7 12. Rc1 O-O 13. Nc4 Qc7 14. Bd3 Rac8 15. Qe2 Rfd8 16. e4 cxd4 17. Nce5 Nc5 18.
Nxd4 Qxe5 19. Nc6 Qc7 20. Nxd8 Rxd8 21. e5 Nd5 22. Bc4 Nf4 23. Qg4 Nxg2 24. Rfd1 Rxd1+ 25. Rxd1 Nh4 26. Rd6 Nf5 27. Rd2 g6 28. f3 Qc6 29.
Kf2 h5 30. Qh3 Bg5 31. Re2 Qd7 32. Qg2 Bh4+ 33. Kg1 Qd1+ 34. Qf1 Qxf1+ 35. Kxf1 Bxf3 36. Rd2 Ne3+ 37. Kg1 Nxc4 38. bxc4 Bg5 39. Rd6 Be3+ 40. Kf1 Nxa4 41. Bd4 Bxd4 42. Rxd4 b3 43. Rd8+ Kg7 44.
Rb8 b2 45. Kf2 Be4 0-1

[Event "*** SCC Grand Prix: Titled Tuesday Blitz"]
[Site "Chess.com"]
[Date "2020.10.06"]
[Round "8"]
[White "Anton_Demchenko"]
[Black "Witik"]
[Result "1-0"]
[WhiteElo "2830"]
[BlackElo "2701"]
[TimeControl "180+1"]
[EndTime "11:35:36 PDT"]
[Termination "Anton_Demchenko won by resignation"]

1. d4 d5 2. Nf3 e6 3. Bf4 Bd6 4. e3 Bxf4 5. exf4 c5 6. dxc5 Qc7 7. g3 Qxc5 8. c3 b6 9. Nbd2 Nf6 10. Bd3 O-O 11. Qe2 a5 12. Nb3 Qe7 13. Nbd4 Ba6 14. O-O Bxd3 15. Qxd3 Nbd7 16. Rfe1 Nc5 17. Qb5 Qc7 18.
Ne5 Nfe4 19. Qe2 Rae8 20. Ng4 f6 21. f3 Nd6 22. Rad1 e5 23. fxe5 fxe5 24. Nxe5 Nc4 25. f4 Nxe5 26. fxe5 Ne4 27. e6 Rf2 28. Qh5 Ref8 29. e7 Qxe7 30. Qxd5+ Kh8 31. Rxe4 Qf6 32.
Rf4 Rxf4 33. gxf4 Qxf4 34. Qg2 Qe3+ 35. Kh1 h6 36. Rg1 g5 37. Qe2 Qh3 38. Re1 Kg8 39. Qe6+ Qxe6 40. Rxe6 1-0

[Event "*** SCC Grand Prix: Titled Tuesday Blitz"]
[Site "Chess.com"]
[Date "2020.10.06"]
[Round "8"]
[White "Rodalquilar"]
[Black "hungrycaterpillar4"]
[Result "0-1"]
[WhiteElo "2773"]
[BlackElo "2649"]
[TimeControl "180+1"]
[EndTime "11:35:36 PDT"]
[Termination "hungrycaterpillar4 won on time"]

1. d4 d5 2. Bf4 c5 3. e3 Nc6 4.
Nf3 Nf6 5. Nbd2 Qb6 6. dxc5 Qxb2 7. Rb1 Qc3 8. Bb5 g6 9. O-O Bg7 10. Nb3 O-O 11. Bxc6 bxc6 12. Be5 Qc4 13. Qd4 Qxd4 14. Nbxd4 Ba6 15. Nxc6 e6 16. Rfe1 Ne4 17. Bd4 f6 18.
Nb4 Bc4 19. c6 Rfc8 20. a4 e5 21. Ba1 a5 22. Nd3 Rxc6 23. Rb7 Ba6 24. Rd7 Rd6 25.
Rxd6 Nxd6 26. Nc5 Bc4 27. Rb1 Rc8 28. Ne6 Bh8 29. Nd2 Kf7 30. Nxc4 dxc4 31. Rb6 Kxe6 32.
Bc3 Rc5 33. Ra6 Kd5 34. Bxa5 Rc6 35. Ra7 f5 36. Bb4 e4 37. Rxh7 Rb6 38. Be1 Rb1 39. Kf1 Bc3 0-1

[Event "*** SCC Grand Prix: Titled Tuesday Blitz"]
[Site "Chess.com"]
[Date "2020.10.06"]
[Round "8"]
[White "Sergienko_Sergey"]
[Black "NewBornNow"]
[Result "1-0"]
[WhiteElo "2398"]
[BlackElo "2637"]
[TimeControl "180+1"]
[EndTime "11:35:37 PDT"]
[Termination "Sergienko_Sergey won by checkmate"]

1. e4 c5 2. Nf3 d6 3. Bb5+ Nc6 4. O-O Bd7 5. Re1 g6 6. c3 Bg7 7. d4 cxd4 8. cxd4 a6 9. Ba4 b5 10. Bb3 Nh6 11. h3 O-O 12. Be3 Kh8 13.
Qd2 Ng8 14. Nc3 Na5 15. Bd5 Rc8 16. a3 e6 17. Ba2 f5 18. exf5 Rxf5 19. Ng5 Nc4 20.
Bxc4 Rxc4 21. Nce4 Rc6 22. Rac1 h6 23. Nf3 g5 24.
Ng3 Rxf3 25. gxf3 Qf8 26. d5 Rxc1 27. Rxc1 Qxf3 28. dxe6 Bxe6 29. Bd4 Nf6 30. Bxf6 Bxf6 31. Qxd6 Bxh3 32. Qf8+ Kh7 33. Qf7+ Kh8 34. Qf8+ Kh7 35.
Rc7+ Kg6 36. Qf7# 1-0

[Event "*** SCC Grand Prix: Titled Tuesday Blitz"]
[Site "Chess.com"]
[Date "2020.10.06"]
[Round "8"]
[White "kngopal"]
[Black "Lupul_Cenusiu"]
[Result "1/2-1/2"]
[WhiteElo "2261"]
[BlackElo "2516"]
[TimeControl "180+1"]
[EndTime "11:35:37 PDT"]
[Termination "Game drawn by repetition"]

1. e4 c5 2. Nf3 e6 3. c3 d6 4. d4 Nf6 5. Bd3 Nc6 6. O-O Be7 7. a3 O-O 8. Qe2 Qc7 9. h3 b6 10. Bf4 e5 11. dxe5 Nxe5 12. Nxe5 dxe5 13. Bg3 Bb7 14. Nd2 Rad8 15. Rad1 g6 16. Nc4 Nd7 17. Ne3 Nf6 18. Nc4 Nd7 19. Rfe1 b5 20. Ne3 c4 21. Bc2 Nb6 22.
Ng4 f6 23. Kh2 Bc8 24. Ne3 Be6 25. Rf1 Rxd1 26. Qxd1 Rd8 27. Qe2 Bd6 28. Rd1 Bc5 29. Ng4 Rxd1 30. Qxd1 Be7 31. Ne3 Qd6 32. Qe2 a6 33.
Ng4 h5 34. Ne3 Kg7 35. Nf1 Nd7 36. Nd2 Nc5 37. Qe3 g5 38. h4 g4 39. f3 Nd7 40. f4 Bf7 41. f5 Qc7 42. Bf2 Bc5 43. Qe2 Qb6 44. Bxc5 Nxc5 45. Nf1 Qc6 46. Ng3 Qd6 47. Qe3 Nd7 48. Qa7 Kf8 49. Qa8+ Kg7 50. Qd8 Qc6 51. Qe7 Kg8 52. Qd8+ Kg7 53. Qe7 Kg8 54. Bd1 Nf8 55. Be2 Nd7 56. Qd8+ Nf8 57.
Bd1 Kg7 58. Bc2 Nd7 1/2-1/2

[Event "*** SCC Grand Prix: Titled Tuesday Blitz"]
[Site "Chess.com"]
[Date "2020.10.06"]
[Round "8"]
[White "kakakz"]
[Black "valeriocarnicelli"]
[Result "0-1"]
[WhiteElo "2390"]
[BlackElo "2546"]
[TimeControl "180+1"]
[EndTime "11:35:37 PDT"]
[Termination "valeriocarnicelli won by checkmate"]

1. d4 d5 2. Nf3 Nf6 3. c4 c6 4. Nc3 dxc4 5. g3 b5 6. Bg2 Bb7 7. Ne5 a6 8. O-O e6 9. a4 Qc8 10. e4 Nbd7 11. f4 Be7 12. g4 c5 13. g5 cxd4 14. gxf6 gxf6 15. Nxd7 Qxd7 16. Ne2 Bc5 17. Kh1 O-O-O 18. axb5 axb5 19. Ng3 h5 20. e5 f5 21.
Bxb7+ Qxb7+ 22. Qf3 h4 23. Ne2 d3 24. Nc3 Qxf3+ 25.
Rxf3 b4 26. Nb5 Kb7 27. Be3 Kb6 28. Nd6 Bxe3 29. Rxe3 Kc5 30. Rc1 Kd4 31. Rh3 Rxd6 32. exd6 c3 33. bxc3+ bxc3 34. Kg2 c2 35. Kf2 d2 36.
Rxc2 d1=Q 37. Re2 Rg8 38. Rxh4 Qg1+ 39. Kf3 Qf1+ 40. Rf2 Qd3# 0-1

[Event "*** SCC Grand Prix: Titled Tuesday Blitz"]
[Site "Chess.com"]
[Date "2020.10.06"]
[Round "8"]
[White "Fischerev7"]
[Black "AlexSuv"]
[Result "0-1"]
[WhiteElo "2347"]
[BlackElo "2496"]
[TimeControl "180+1"]
[EndTime "11:35:37 PDT"]
[Termination "AlexSuv won by checkmate"]

1. e4 c5 2. Nf3 e6 3. d4 cxd4 4. Nxd4 Nc6 5. Nc3 Qc7 6. Ndb5 Qb8 7. Be3 a6 8. Bb6 axb5 9. Nxb5 Bb4+ 10. c3 Ba5 11.
Nc7+ Qxc7 12. Bxc7 Bxc7 13. Qg4 Kf8 14. f4 Nge7 15. Bd3 d5 16. exd5 exd5 17. Qf3 g6 18. O-O Kg7 19. Kh1 Be6 20. a4 Rad8 21. Rae1 Rhe8 22.
b4 Nf5 23. a5 d4 24. Bxf5 Bxf5 25. b5 Nxa5 26. cxd4 Bb6 27. Qc3 Rc8 28. Qb2 Nc4 29. Qa1 Bd3 30. d5+ Kg8 31. Rxe8+ Rxe8 32. Rd1 Bf5 33.
d6 Rd8 34. h3 Ne3 35. Rd2 Be4 36. Qe5 Nc4 37. Re2 Nxe5 38. fxe5 Bf5 39. Re1 Rc8 40. g4 Be6 41. Rd1 Rc2 42. Ra1 Bd5# 0-1

[Event "*** SCC Grand Prix: Titled Tuesday Blitz"]
[Site "Chess.com"]
[Date "2020.10.06"]
[Round "8"]
[White "MarceloPlaya"]
[Black "alejanchess73"]
[Result "0-1"]
[WhiteElo "2265"]
[BlackElo "2431"]
[TimeControl "180+1"]
[EndTime "11:35:37 PDT"]
[Termination "alejanchess73 won on time"]

1. e4 e6 2. d4 d5 3. Nc3 Bb4 4. e5 c5 5. a3 Bxc3+ 6. bxc3 Qa5 7. Bd2 Qa4 8. Qg4 Kf8 9. Ra2 Nc6 10. Nf3 Nge7 11. Bd3 Bd7 12. O-O Rc8 13. Rb1 c4 14. Bf1 b6 15. Nh4 Ng6 16. f4 Nce7 17. Be2 Nxh4 18.
Qxh4 Nf5 19. Qf2 h5 20. g3 g6 21. h3 Ke7 22. Be1 Rcg8 23. Kh2 Kd8 24. Rb4 Qc6 25. a4 a5 26. Rb1 Kc7 27. Bd2 Qa8 28. Bc1 Rb8 29.
Ba3 Rb7 30. Kg1 Qd8 31. g4 hxg4 32. hxg4 Ng7 33. Bd6+ Kc8 34. g5 Nf5 35. Bg4 Nxd6 36. exd6 Qf8 37. Qe3 Qxd6 38. Qe5 Qxe5 39. fxe5 Rh4 40.
Bf3 Rh3 41. Kg2 Rh7 42. Rab2 Kc7 43. Ra1 Rb8 44. Bg4 Bc6 0-1

[Event "*** SCC Grand Prix: Titled Tuesday Blitz"]
[Site "Chess.com"]
[Date "2020.10.06"]
[Round "8"]
[White "Jabberwockiez"]
[Black "Region_07"]
[Result "0-1"]
[WhiteElo "2234"]
[BlackElo "2371"]
[TimeControl "180+1"]
[EndTime "11:35:37 PDT"]
[Termination "Region_07 won on time"]

1. e4 Nc6 2. d4 d5 3. exd5 Qxd5 4. Nf3 Bg4 5. Nc3 Qh5 6. Be2 O-O-O 7. Be3 Nf6 8. h3 e5 9. O-O exd4 10. hxg4 Nxg4 11. Bg5 Bd6 12. Bxd8 Bh2+ 13. Kh1 Rxd8 14. Nh4 f5 15. Bxg4 fxg4 16. Kxh2 Qxh4+ 17. Kg1 dxc3 18. Qe1 cxb2 19.
Rd1 Nd4 20. Rxd4 Rxd4 21. Qe6+ Rd7 22. Qg8+ Qd8 23. Qb3 Rd1 24. Qe6+ Kb8 25. Re1 Rxe1+ 26. Qxe1 a6 27. Kh2 Qd4 28. Qb1 Qe5+ 29. g3 h5 30. Kg2 Qd5+ 31. Kg1 Qd4 32. a4 g5 33. a5 h4 34. gxh4 gxh4 35. Qe1 g3 0-1

[Event "*** SCC Grand Prix: Titled Tuesday Blitz"]
[Site "Chess.com"]
[Date "2020.10.06"]
[Round "8"]
[White "Bulldog167"]
[Black "Gahan-MG"]
[Result "1-0"]
[WhiteElo "2783"]
[BlackElo "2586"]
[TimeControl "180+1"]
[EndTime "11:35:38 PDT"]
[Termination "Bulldog167 won by resignation"]

1. e4 Nf6 2. Nc3 d5 3. exd5 Nxd5 4. Nxd5 Qxd5 5. Ne2 Bg4 6. f3 Bd7 7. Nc3 Qh5 8. Bd3 e6 9. Ne4 Nc6 10. O-O Be7 11. b3 O-O 12. Bb2 a5 13. Ng3 Qh4 14. Qe2 Bc5+ 15. Kh1 Bd6 16. Qf2 a4 17. f4 Nb4 18. Bxg7 Nxd3 19. cxd3 Rfe8 20. Bc3 f5 21. Rae1 Kf7 22. Nxf5 Qxf2 23. Nxd6+ cxd6 24. Rxf2 axb3 25. axb3 Ra3 26. b4 Rg8 27. h3 Rg3 28. Kh2 Rxd3 29.
g4 d5 30. Be5 Rxh3+ 31. Kg1 Rad3 32. Rc1 Rhg3+ 33. Rg2 Rxg2+ 34. Kxg2 Rxd2+ 35. Kg3 Rd3+ 36. Kh4 Bc6 37. b5 Bxb5 38. Rc7+ Ke8 39. Rxb7 Bd7 40.
Kg5 Rg3 41. Kf6 Bc8 42. Re7+ Kf8 43. Rxh7 Rxg4 44. Rh8+ Rg8 45. Bd6+ Ke8 46. Rxg8+ Kd7 47. Be5 Ba6 48. Rg7+ Kc6 49. Kxe6 Bd3 50. Rc7+ Kb6 1-0

[Event "*** SCC Grand Prix: Titled Tuesday Blitz"]
[Site "Chess.com"]
[Date "2020.10.06"]
[Round "8"]
[White "vrekhson"]
[Black "PavelChernomordik"]
[Result "0-1"]
[WhiteElo "2209"]
[BlackElo "2360"]
[TimeControl "180+1"]
[EndTime "11:35:38 PDT"]
[Termination "PavelChernomordik won by resignation"]

1. e4 g6 2. d4 Bg7 3. Nc3 d6 4. Nf3 a6 5. Be2 b5 6. a3 Nd7 7. Be3 Bb7 8. O-O c5 9. dxc5 dxc5 10. Rb1 e6 11. Bg5 Ne7 12. Qd6 h6 13. Bf4 g5 14. Be3 g4 15. Ne1 Be5 16. Qd3 Qc7 17. f4 c4 18. Qd2 Bxc3 19. Qxc3 O-O-O 20. Bxg4 Bxe4 21. Bf3 Nd5 22. Qd4 Bxf3 23. Nxf3 Nxe3 24. Qxe3 Qc5 25. Qxc5+ Nxc5 26. Ne5 Rhf8 27. Rbd1 Rxd1 28. Rxd1 f6 29. Nc6 Kc7 30. Nd4 Rd8 31. b4 cxb3 32. cxb3 e5 33. fxe5 fxe5 34. Rc1 Kb6 35. Rxc5 exd4 36.
Rc2 d3 37. Rd2 Kc5 38. Kf2 Kd4 39. g3 Kc3 40. Ke1 Re8+ 41. Kd1 Rf8 42. Kc1 Rf1+ 43.
Rd1 d2+ 0-1